 Dungeon Crawl Stone Soup version 0.16-b1 (webtiles) character file.

14751 McCoppin the Spear-Bearer (level 12, -11/148 HPs)
             Began as a Formicid Fighter on Mar 15, 2015.
             Was a Priest of Yredelemnul.
             Killed from afar by an ice dragon (29 damage)
             ... with a blast of cold
             ... in an ice cave.
             The game lasted 01:31:06 (15738 turns).

McCoppin the Spear-Bearer (Formicid Fighter)       Turns: 15738, Time: 01:31:07

Health: -11/148    AC: 27    Str: 29    XL:     12   Next: 49%
Magic:  24/24      EV:  2    Int:  9    God:    Yredelemnul [***...]
Gold:   601        SH: 13    Dex:  9    Spells: 0 memorised, 11 levels left

rFire  . . .     SeeInvis +     I - +11 hand axe of Upoutoask {venom, Contam rElec Str+3 SInv Stlth+}
rCold  . . .     Clarity  .     e - melded +1 plate armour {rF+}
rNeg   + + +     SustAb   .     c - +1 shield
rPois  +         Gourm    +     (helmet unavailable)
rElec  +         Spirit   .     (cloak currently unavailable)
rCorr  .         Warding  .     x - melded +1 pair of gloves
rMut   .         Stasis   +     S - melded -2 pair of boots
MR     +....                    J - amulet of the gourmand
Stlth  ++........               A - +1 ring of protection
                                P - ring of poison resistance (curse)

@: tree-form, somewhat resistant to hostile enchantments, unstealthy
A: permanent stasis, dig shafts and tunnels, four strong arms, (antennae 0),
(molten scales 0), breathe flames 1, clumsy 1, strong 1, evolution 1
a: Animate Dead, Recall Undead Slaves, Injury Mirror, Renounce Religion, Breathe
Fire


You were in an ice cave.
You worshipped Yredelemnul.
Yredelemnul was most pleased with you.
You were not hungry.
You were a tree.
You visited 2 branches of the dungeon, and saw 12 of its levels.
You also visited: Ice Cave.

You collected 601 gold pieces.

Inventory:

Hand weapons
 B - a +0 dagger
 F - a +0 blowgun
 I - the +11 hand axe of Upoutoask (weapon) {venom, Contam rElec Str+3 SInv Stlth+}
   (You found it on level 5 of the Dungeon)

   It poisons the flesh of those it strikes.
   It affects your strength (+3).
   It insulates you from electricity.
   It enhances your eyesight.
   It causes magical contamination when unequipped.
   It makes you more stealthy.
 Q - the +3 spear "Opriavofy" {speed, rF- Dex+4}
   (You found it on level 6 of the Dungeon)

   Attacks with this weapon are significantly faster.
   It affects your dexterity (+4).
   It makes you vulnerable to fire.
 X - a +3 vampiric trident
Missiles
 l - 10 curare-tipped needles
 m - 21 poisoned needles
 U - 4 needles of confusion
Armour
 c - a +1 shield (worn)
 e - a +1 plate armour of fire resistance (melded)
 x - a +1 pair of gloves (melded)
 C - a +0 plate armour
 S - a -2 pair of boots (melded)
Jewellery
 i - an uncursed ring of sustain abilities
 v - an uncursed ring of fire
 w - an uncursed amulet of resist corrosion
 A - a +1 ring of protection (right branch)
 J - an amulet of the gourmand (around neck)
 P - a cursed ring of poison resistance (left branch)
 V - an uncursed amulet of resist mutation
Magical devices
 a - a wand of flame (0)
 b - a wand of polymorph (9)
 g - a wand of confusion (12)
 u - a wand of magic darts (21)
 y - a wand of teleportation (4)
 z - a wand of random effects (25)
 D - a wand of disintegration (8)
 G - a wand of draining (12)
 O - a wand of enslavement (6)
Scrolls
 f - a scroll of amnesia
 n - 2 scrolls of enchant armour
 r - 2 scrolls of enchant weapon
 t - 5 scrolls of identify
 E - 5 scrolls of remove curse
 N - 2 scrolls of magic mapping
Potions
 o - 2 potions of haste
 q - 2 potions of lignification
Miscellaneous
 h - a sack of spiders
Comestibles
 d - 8 bread rations
 k - 10 royal jellies
 K - 3 fruits
 M - 3 slices of pizza
 W - 3 meat rations


   Skills:
 - Level 10.6 Fighting
 - Level 12.0 Polearms
 + Level 9.9 Armour
 - Level 9.0 Shields
 - Level 6.8 Invocations


You had 11 spell levels left.
You didn't know any spells.

Dungeon Overview and Level Annotations

Branches:
Dungeon (11/15)            Temple (1/1) D:5
   Lair: D:8-11         Orc: D:9-12

Altars:
Ashenzari
Cheibriados
Dithmenos
Elyvilon
Fedhas
Gozag
Kikubaaqudgha
Makhleb
Nemelex Xobeh
Okawaru
Qazlal
Ru
Sif Muna
Trog
Vehumet
Xom
Yredelemnul
Zin
The Shining One

Shops:
D:5 (   D:9 }

Annotations:
IceCv exclusion: ice statue


Innate Abilities, Weirdness & Mutations

You are under a permanent stasis effect.
You can dig through walls and to a lower floor.
Your four strong arms can wield two-handed weapons with a shield.
((You have a pair of large antennae on your head (SInv).))
((You are partially covered in molten scales (AC +1).))
You can breathe flames.
You are clumsy. (Dex -2)
Your muscles are strong. (Str +2)
You evolve.


Message History

The ice dragon tramples you but does no damage.
You closely miss the ice dragon.
The ice dragon is moderately wounded.
You hit the ice dragon.
The ice dragon is moderately wounded.
The ice dragon bites you but does no damage.
The ice dragon claws you.
* * * LOW HITPOINT WARNING * * *
The ice dragon tramples you but does no damage.
The ice dragon bites you but does no damage.
You block the ice dragon's attack.
The ice dragon tramples you but does no damage.
You hit the ice dragon.
The ice dragon is heavily wounded.
You slash the ice dragon!
The ice dragon is heavily wounded.
The ice dragon breathes frost at you. The blast of cold hits you!
You die...
Your body rises from the dead as a mindless zombie.

##...=$#≈
#.....$#≈≈≈#
#.....$#≈≈≈#
##....$$#≈≈≈
#....$$$#≈≈#
#..#$$$$#≈≈##
#.##$$$$#≈≈≈#
#..##{$##≈≈≈##
#....#$#♣≈≈≈≈#
#..####DD≈≈≈≈#
##.#...##≈≈≈≈#
#...#..#≈≈≈≈#
#..##.##≈≈≈≈#
##.#..# ≈≈≈##
###.###≈≈≈#
#...##≈## ..
###..## #.#


You could see 2 ice dragons.

Vanquished Creatures
  An orc warlord (D:9)
  An ice statue (IceCv)
  An orc knight (D:8)
  A manticore (D:11)
  A queen bee (D:9)
  2 two-headed ogres (D:9)
  A troll (D:10)
  Grinder (D:4)
  6 orc warriors
  A trapdoor spider (D:11)
  2 wyverns
  2 hippogriffs
  12 wargs (D:9)
  4 hungry ghosts
  25 ice beasts
  A water moccasin (D:7)
  5 black bears
  A necrophage (D:6)
  4 phantoms
  4 sky beasts
  4 ogres
  2 eyes of draining (D:3)
  2 centaurs
  2 big kobolds (D:10)
  4 giant frogs
  A gnoll sergeant (D:9)
  3 scorpions
  A water moccasin skeleton (D:8)
  2 jellies (D:9)
  23 killer bees
  7 wights (D:9)
  2 giant frog zombies
  5 crimson imps
  2 centaur zombies
  A giant frog skeleton (D:9)
  3 goliath beetles
  3 centaur skeletons
  7 hounds
  8 orc priests
  4 worker ants
  4 iguanas
  13 orc wizards
  Jessica (D:2)
  A hound zombie (D:7)
  Terence (D:2)
  2 mummies (D:7)
  4 gnolls
  11 white imps (D:11)
  14 adders
  3 worms (D:2)
  A giant mite (D:1)
  A shadow imp (D:6)
  5 giant geckos
  An ooze (D:6)
  62 orcs
  7 giant cockroaches
  11 goblins
  10 hobgoblins
  2 jackals (D:1)
  32 kobolds
  4 quokkas
  2 ball pythons
  20 bats
  9 giant newts
  A giant spore (D:9)
  14 rats
  16 ballistomycetes (D:9)
  A plant (D:9)
415 creatures vanquished.

Vanquished Creatures (collateral kills)
  2 wargs (D:9)
  An ice beast (D:10)
  3 orc warriors (D:9)
  A jelly (D:10)
  A killer bee (D:9)
  An orc wizard (D:10)
  A mummy (D:10)
  A white imp (D:11)
  8 orcs
19 creatures vanquished.

Vanquished Creatures (others)
  A wyvern zombie (D:9)
  4 warg zombies (D:9)
  A black bear zombie (D:10)
  3 killer bee zombies (D:9)
  A hound zombie (D:11)
  A goliath beetle zombie (D:10)
  A kobold zombie (D:10)
  13 orc zombies
25 creatures vanquished.

Grand Total: 459 creatures vanquished

Notes
Turn   | Place    | Note
--------------------------------------------------------------
     0 | D:1      | McCoppin, the Formicid Fighter, began the quest for the Orb.
     0 | D:1      | Reached XP level 1. HP: 18/18 MP: 1/1
   268 | D:1      | Reached XP level 2. HP: 24/24 MP: 3/3
   620 | D:1      | Reached XP level 3. HP: 26/29 MP: 4/4
  1106 | D:2      | Reached skill level 4 in Polearms
  1106 | D:2      | Reached XP level 4. HP: 35/35 MP: 5/5
  1639 | D:2      | Reached XP level 5. HP: 41/41 MP: 7/7
  1751 | D:2      | Reached skill level 5 in Polearms
  1761 | D:2      | Noticed Jessica
  1766 | D:2      | Found a snail-covered altar of Cheibriados.
  1773 | D:2      | Killed Jessica
  2384 | D:2      | Noticed Terence
  2398 | D:2      | Killed Terence
  2576 | D:3      | Reached XP level 6. HP: 24/47 MP: 8/8
  2950 | D:3      | Reached skill level 6 in Polearms
  3033 | D:3      | Noticed an eye of draining
  3052 | D:3      | Killed an eye of draining
  3081 | D:3      | Noticed an eye of draining
  3083 | D:3      | Found a bloodstained altar of Trog.
  3091 | D:3      | Killed an eye of draining
  3091 | D:3      | Reached skill level 7 in Polearms
  3091 | D:3      | Reached XP level 7. HP: 52/52 MP: 4/9
  3745 | D:4      | Found a shimmering altar of Xom.
  3927 | D:4      | Noticed Grinder
  3967 | D:4      | Killed Grinder
  3967 | D:4      | Reached skill level 8 in Polearms
  3967 | D:4      | Reached XP level 8. HP: 37/58 MP: 11/11
  4308 | D:4      | Reached skill level 9 in Polearms
  4556 | D:5      | Entered Level 5 of the Dungeon
  4584 | D:5      | Found a stormy altar of Qazlal.
  5006 | D:5      | Reached skill level 10 in Polearms
  5209 | D:5      | Got a crude hand axe
  5210 | D:5      | Identified the +11 hand axe of Upoutoask {venom, Contam rElec Str+3 SInv Stlth+} (You found it on level 5 of the Dungeon)
  5383 | D:5      | Found Pnaipexi's Weapon Shoppe.
  5474 | D:5      | Found a staircase to the Ecumenical Temple.
  5484 | Temple   | Entered the Ecumenical Temple
  5679 | D:5      | Reached XP level 9. HP: 64/64 MP: 12/12
  5899 | D:6      | Reached skill level 11 in Polearms
  5937 | D:6      | Got a jewelled spear
  5938 | D:6      | Identified the +3 spear "Opriavofy" {speed, rF- Dex+4} (You found it on level 6 of the Dungeon)
  6001 | D:6      | Gained mutation: You are partially covered in molten scales (AC +1). [mutagenic meat]
  6002 | D:6      | Gained mutation: You are clumsy. (Dex -2) [mutagenic meat]
  6003 | D:6      | Gained mutation: Armour fits poorly on your strangely shaped body. [mutagenic meat]
  6488 | D:6      | Found a glowing golden altar of the Shining One.
  6794 | D:7      | Reached skill level 12 in Polearms
  7247 | D:7      | Reached skill level 5 in Fighting
  7432 | D:7      | Found a basalt altar of Yredelemnul.
  7439 | D:7      | Became a worshipper of Yredelemnul the Dark
  7540 | D:7      | Found a shadowy altar of Dithmenos.
  7548 | D:7      | Reached XP level 10. HP: 66/76 MP: 13/13
  7818 | D:7      | Gained mutation: You heal slowly when monsters are visible. [potion of mutation]
  7818 | D:7      | Lost mutation: You heal slowly when monsters are visible. [potion of mutation]
  8962 | D:9      | Found a glowing golden altar of the Shining One.
  9610 | D:9      | Found Uggeem's Gadget Shoppe.
  9622 | D:9      | Reached skill level 10 in Fighting
  9652 | D:9      | Gained mutation: Your muscles are strong. (Str +2) [mutagenic meat]
  9653 | D:9      | Gained mutation: You evolve. [mutagenic meat]
 10586 | D:9      | Reached XP level 11. HP: 85/92 MP: 15/15
 10766 | D:9      | Reached skill level 5 in Shields
 10868 | D:9      | Gained mutation: You can breathe flames. [evolution]
 10959 | D:9      | Reached skill level 5 in Armour
 10999 | D:9      | Acquired Yredelemnul's first power
 12108 | D:9      | Reached skill level 1 in Invocations
 12150 | D:9      | Noticed an orc knight
 12150 | D:9      | Noticed an orc warlord
 12297 | D:8      | Killed an orc knight
 12562 | D:9      | Acquired Yredelemnul's second power
 12886 | D:9      | Killed an orc warlord
 13161 | D:10     | Entered Level 10 of the Dungeon
 13245 | D:10     | Reached XP level 12. HP: 96/99 MP: 24/24
 13355 | D:10     | Acquired Yredelemnul's third power
 13872 | D:11     | Found a frozen archway.
 13910 | IceCv    | Entered an ice cave
 13988 | IceCv    | Lost mutation: Armour fits poorly on your strangely shaped body. [evolution]
 15709 | IceCv    | Noticed an ice dragon
 15709 | IceCv    | Noticed an ice dragon
 15738 | IceCv    | Killed from afar by an ice dragon

Action                   |  1- 3 |  4- 6 |  7- 9 | 10-12 || total
-------------------------+-------+-------+-------+-------++-------
Melee: Trident           |   106 |   181 |   231 |       ||   518
       Halberd           |       |     8 |    43 |       ||    51
       Hand axe          |       |       |   151 |   699 ||   850
Invok: Animate Remains   |       |       |       |    24 ||    24
       Animate Dead      |       |       |       |     6 ||     6
 Abil: Dig               |       |     5 |    11 |    25 ||    41
       Breathe Fire      |       |       |       |     4 ||     4
Evoke: Wand              |       |       |       |     6 ||     6
  Use: Scroll            |     4 |     3 |     3 |     7 ||    17
       Potion            |       |       |     1 |    20 ||    21
 Stab: Invisible         |       |       |       |     2 ||     2
       Distracted        |       |       |       |     1 ||     1
  Eat: Chunk             |       |     8 |    21 |    39 ||    68
       Royal jelly       |       |       |       |     1 ||     1
